 Dungeon Crawl Stone Soup version 0.26.1-11-gd32895ea62 (webtiles) character file.

Game seed: 2472774237850921542

46342 promet the Warrior (level 14, 0/166 HPs)
             Began as an Ogre Berserker on June 3, 2021.
             Was a High Priest of Trog.
             Succumbed to a redback's poison
             ... on level 5 of the Lair of Beasts on June 4, 2021.
             The game lasted 03:19:03 (27603 turns).

promet the Warrior (Ogre Berserker)                Turns: 27603, Time: 03:19:03

Health: 0/166      AC: 15    Str: 33    XL:     14   Next: 37%
Magic:  14/14      EV: 12    Int:  9    God:    Trog [*****.]
Gold:   881        SH:  0    Dex:  8    Spells: 12/13 levels left

rFire    . . .     SeeInvis .   a - +3 halberd (vorpal)
rCold    . . .     Faith    .   (shield currently unavailable)
rNeg     . . .     Spirit   .   S - +3 steam dragon scales
rPois    .         Reflect  .   G - +4 hat "Idizot" {+Blink Will+ Stlth+}
rElec    .         Harm     .   E - scarf {repulsion}
rCorr    .         Rampage  .   (gloves unavailable)
Will     ++...                  (boots unavailable)
Stlth    +++.......             O - amulet of regeneration
HPRegen  0.77/turn              j - +4 ring of slaying
MPRegen  0.14/turn              z - +6 ring of strength

@: lethally poisoned (0 -> -14), studying Throwing, repel missiles
A: large, unfitting armour, slimy green scales 1, tough skin 1, MP-powered wands
a: Renounce Religion, Evoke Blink, Berserk, Trog's Hand, Brothers in Arms


You were on level 5 of the Lair of Beasts.
You worshipped Trog.
Trog was extremely pleased with you.
You visited 2 branches of the dungeon, and saw 17 of its levels.

You collected 1076 gold pieces.
You spent 195 gold pieces at shops.

Inventory:

Hand Weapons
 a - a +3 vorpal halberd (weapon)
 b - a +3 shortbow of flaming
 d - a +5 spear
 f - a +2 antimagic halberd
 h - a +1 war axe of freezing
 s - a +0 great sword
 v - a +0 hunting sling
 w - a +0 war axe
 B - a +1 scimitar of flaming
 C - a +4 flail
 D - a +0 battleaxe
 N - the +2 whip "Taulueg" {flame, rElec rN+}
   (You found it on level 9 of the Dungeon)

   It has been specially enchanted to burn those struck by it, causing extra
   injury to most foes and up to half again as much damage against particularly
   susceptible opponents.
   It insulates you from electricity.
   It protects you from negative energy.
Missiles
 g - 444 stones
 o - 288 arrows
 p - 48 sling bullets
 x - 27 poisoned darts
 F - 7 large rocks (quivered)
 M - 3 boomerangs
 T - 11 javelins
Armour
 k - a +2 cloak
 n - a +2 animal skin
 E - a scarf of repulsion (worn)
 G - the +4 hat "Idizot" (worn) {+Blink Will+ Stlth+}
   (You acquired it on level 9 of the Dungeon)

   It affects your willpower, your defense against some magical effects.
   It lets you blink.
   It makes you more stealthy.
 S - +3 steam dragon scales (worn)
Jewellery
 i - an uncursed ring of protection from cold
 j - a +4 ring of slaying (left hand)
 t - an uncursed ring of magical power
 y - an uncursed ring of teleportation
 z - a +6 ring of strength (right hand)
 I - a +6 ring of intelligence
 L - an uncursed ring of fire
 O - an amulet of regeneration (around neck)
 Q - a +4 ring of evasion
 U - a +4 ring of evasion
 W - an uncursed amulet of guardian spirit
Wands
 r - a wand of disintegration (18)
 A - a wand of random effects (21)
 J - a wand of flame (7)
 P - a wand of acid (6)
 V - a wand of paralysis (3)
Scrolls
 c - 9 scrolls of remove curse
 l - 3 scrolls of magic mapping
 m - 9 scrolls of teleportation
 K - 3 scrolls of identify
 Z - a scroll of fear
Potions
 e - 5 potions of brilliance
 q - 3 potions of haste
 u - a potion of might
 Y - a potion of resistance
Books
 H - a manual of Throwing
Miscellaneous
 X - a lightning rod (4/4)


   Skills:
 * Level 17.5 Fighting
 + Level 4.5 Long Blades
 + Level 6.3(10.2) Axes
 + Level 0.2(3.5) Maces & Flails
 + Level 12.3(12.8) Polearms
 + Level 1.9(2.3) Slings
 + Level 8.0 Bows
 + Level 2.5(3.1) Throwing
 + Level 7.7 Dodging
 + Level 3.6 Stealth


You had 12 spell levels left.
You knew the following spells:

 Your Spells              Type           Power        Failure   Level
a - Beastly Appendage     Tmut           0%           38%         1

Your spell library contained the following spells:

 Spells                   Type           Power        Failure   Level
 Wereblood                Tmut           0%           52%         2
 Spider Form              Tmut/Pois      0%           77%         3
 Ice Form                 Ice/Tmut       0%           99%         4
 Blade Hands              Tmut           0%           100%        5


Dungeon Overview and Level Annotations

Branches:
Dungeon (11/15)            Temple (0/1) D:4            Lair (6/6) D:10
  Swamp (0/4) Lair:2        Snake (0/4) Lair:2        Slime (0/5) Lair:6
    Orc: D:9-12

Altars:
Ashenzari
Dithmenos
Elyvilon
Fedhas
Hepliaklqana
Kikubaaqudgha
Makhleb
Nemelex Xobeh
Ru
Trog
Uskayaw
Wu Jian
Xom
Yredelemnul
Beogh
Jiyva

Shops:
D:4 [   D:5 !   D:7 !   D:10 [

Annotations:
D:5 2 transporters, jlumianski's ghost, amateur FeSu
D:8 2 transporters, 3 runed translucent doors
D:9 3 runed translucent doors, nomophobia's ghost, journeyman MiGl
Lair:2 2 transporters, pgf's ghost, journeyman MiFi


Innate Abilities, Weirdness & Mutations

You are too large for most types of armour.
You have tough skin. (AC +1)
You are partially covered in slimy green scales. (AC +2)
You expend magic power (3 MP) to strengthen your wands.


Message History

You feel strangely unstable.
The wolf spider hits you but does no damage.
The wolf spider bites you but does no damage.
The wolf spider hits you!
* * * LOW HITPOINT WARNING * * *
The wolf spider bites you but does no damage.
The redback bites you!
* * * LOW HITPOINT WARNING * * *
You are lethally poisoned!
The redback poisons you!
Your surroundings suddenly seem different.
* * * LOW HITPOINT WARNING * * *
You feel very sick.
* * * LOW HITPOINT WARNING * * *
You feel very sick.
* * * LOW HITPOINT WARNING * * *
You feel sick.
Okay, then.
Okay, then.
You die...

.#..>............................
.##....................#.........
..#........................P.....
...#...........<......#....P.....
..##.............................
...#..................#..P.......
.....................##P#........
#........##.#P#.......###P####P..
...P.....##.###.@P#..## ### ##..
#....)...#### #......### ##..
...#..##P########......### #...
.##..######.##.#.....P#.P######P.
###### #.#.#............P###P. #
#####..#.......(...........
#........#.................
#.........#....P...........
#..............P...........


There were no monsters in sight!

Vanquished Creatures
  2 hydras
  A catoblepas (Lair:6)
  6 death yaks
  Urug (Lair:2)
  Nergalle (D:10)
  A lindwurm (Lair:5)
  A wolf spider (Lair:6)
  2 oklob plants (D:10)
  4 elephants
  Maurice (D:10)
  A molten gargoyle (Lair:5)
  11 black mambas
  12 cane toads
  3 komodo dragons
  2 rime drakes
  A torpor snail (Lair:6)
  4 trolls
  14 polar bears
  3 tyrant leeches (Lair:2)
  2 hornets
  9 blink frogs
  6 dream sheep (Lair:5)
  2 raiju (Lair:6)
  14 wyverns
  3 redbacks (Lair:6)
  38 yaks
  A basilisk (Lair:4)
  4 wargs (Lair:6)
  A swamp worm (Lair:2)
  15 hell hounds (Lair:6)
  16 water moccasins
  An orc warrior (D:6)
  3 phantoms (D:5)
  An eye of draining (D:9)
  6 sky beasts
  13 black bears
  2 ogres
  13 wolves (Lair:6)
  A necrophage (D:10)
  8 centaurs
  15 bullfrogs
  A big kobold (D:7)
  6 killer bees
  3 scorpions
  An electric eel (Lair:5)
  8 wights
  4 howler monkeys
  2 bullfrog zombies (D:5)
  A quasit (D:8)
  5 bullfrog skeletons
  A gnoll shaman (D:4)
  4 hounds
  3 jellies
  A centaur skeleton (D:10)
  6 orc priests
  2 iguanas
  11 orc wizards
  9 worker ants
  A killer bee zombie (D:9)
  A hound zombie (D:8)
  A worker ant zombie (D:6)
  7 gnolls
  6 adders
  A shadow imp (D:8)
  3 white imps
  3 ufetubi
  An ooze (D:2)
  3 adder zombies
  An adder skeleton (D:5)
  2 worms (D:3)
  3 dart slugs (D:1)
  6 leopard geckos
  61 orcs
  5 giant cockroaches
  9 goblins
  7 hobgoblins
  6 jackals
  5 quokkas
  6 bats
  7 frilled lizards (D:1)
  10 kobolds
  A quokka skeleton (D:6)
  A quokka zombie (D:5)
  4 rats
474 creatures vanquished.

Vanquished Creatures (others)
  A wizard (D:3)
  5 dream sheep (D:10)
  A bush (Lair:6)
  59 fungi
  126 plants
  2 withered plants (D:3)
194 creatures vanquished.

Grand Total: 668 creatures vanquished

Notes
Turn   | Place    | Note
-------+----------+-------------------------------------------
     0 | D:1      | promet the Ogre Berserker began the quest for the Orb.
     0 | D:1      | Reached XP level 1. HP: 24/24 MP: 1/1
   298 | D:1      | Reached XP level 2. HP: 23/32 MP: 2/2
  1054 | D:1      | Reached XP level 3. HP: 40/40 MP: 3/3
  1609 | D:2      | Found a sparkling altar of Nemelex Xobeh.
  1714 | D:2      | Reached ** piety under Trog
  1819 | D:2      | Found a white marble altar of Elyvilon.
  1836 | D:2      | Reached skill level 5 in Fighting
  2099 | D:2      | Reached XP level 4. HP: 49/50 MP: 4/4
  2592 | D:3      | Found a basalt altar of Yredelemnul.
  2655 | D:3      | Found a faded altar of an unknown god.
  2683 | D:3      | Reached XP level 5. HP: 51/57 MP: 5/5
  2716 | D:3      | Noticed a sky beast
  2731 | D:3      | HP: 1/57 [sky beast (6)]
  2734 | D:3      | Killed a sky beast
  3040 | D:3      | Found a broken altar of Ashenzari.
  3100 | D:3      | Found an ancient bone altar of Kikubaaqudgha.
  3101 | D:3      | Found a blossoming altar of Fedhas.
  3294 | D:3      | Found a bloodstained altar of Trog.
  3296 | D:3      | Noticed a wizard
  3301 | D:3      | Killed a wizard
  3369 | D:3      | Found a shadowy altar of Dithmenos.
  3369 | D:3      | Found an ornate altar of the Wu Jian Council.
  3369 | D:3      | Found a hide-covered altar of Uskayaw.
  3371 | D:3      | Found a bloodstained altar of Trog.
  3495 | D:4      | Reached skill level 1 in Slings
  3495 | D:4      | Reached XP level 6. HP: 67/67 MP: 6/6
  3605 | D:4      | Reached skill level 6 in Fighting
  3843 | D:4      | Found Vijahuoj's Armour Boutique.
  3866 | D:4      | Gained mutation: You possess an exceptional clarity of
                  | mind. [potion of mutation]
  3866 | D:4      | Gained mutation: Your spells are a little harder to cast,
                  | but a little more powerful. [potion of mutation]
  3867 | D:4      | Lost mutation: You possess an exceptional clarity of mind.
                  | [potion of mutation]
  3867 | D:4      | Lost mutation: Your spells are a little harder to cast, but
                  | a little more powerful. [potion of mutation]
  3867 | D:4      | Gained mutation: You are partially covered in slimy green
                  | scales. (AC +2) [potion of mutation]
  3867 | D:4      | Gained mutation: You expend magic power (3 MP) to
                  | strengthen your wands. [potion of mutation]
  4162 | D:4      | Found a staircase to the Ecumenical Temple.
  4364 | D:4      | Reached skill level 5 in Polearms
  4610 | D:5      | Entered Level 5 of the Dungeon
  4611 | D:5      | Noticed a phantom
  4632 | D:5      | Killed a phantom
  4633 | D:5      | Reached XP level 7. HP: 76/76 MP: 7/7
  4678 | D:5      | Reached skill level 1 in Stealth
  4954 | D:5      | Reached skill level 7 in Fighting
  5036 | D:5      | Noticed jlumianski's ghost (amateur FeSu)
  5176 | D:5      | Found a transporter.
  5182 | D:5      | Found a transporter.
  5189 | D:5      | Reached XP level 8. HP: 74/87 MP: 8/8
  5265 | D:5      | Found Ytsaext's Distillery.
  5269 | D:5      | Bought a potion of heal wounds for 70 gold pieces
  5269 | D:5      | Bought a potion of heal wounds for 70 gold pieces
  5284 | D:5      | Reached skill level 1 in Long Blades
  5547 | D:5      | Reached *** piety under Trog
  6027 | D:6      | Reached skill level 8 in Fighting
  6551 | D:6      | Found a hazy altar of Hepliaklqana.
  7363 | D:6      | Reached skill level 9 in Fighting
  7382 | D:6      | Reached XP level 9. HP: 67/98 MP: 9/9
  7541 | D:6      | Reached skill level 1 in Bows
  7637 | D:6      | Reached skill level 5 in Dodging
  7751 | D:7      | Found Zukitsase's Distillery.
  7941 | D:7      | Bought a potion of heal wounds for 55 gold pieces
  8194 | D:7      | Reached **** piety under Trog
  8950 | D:7      | Reached skill level 10 in Fighting
  9331 | D:8      | Found a transporter.
  9358 | D:8      | Found a roughly hewn altar of Beogh.
  9588 | D:8      | Was placed under penance by Trog
  9590 | D:8      | Learned a level 1 spell: Beastly Appendage
  9621 | D:8      | Found a runed translucent gate.
  9628 | D:8      | Found a runed translucent gate.
  9683 | D:8      | Found a runed translucent gate.
  9683 | D:8      | Noticed a cyan ugly thing
  9685 | D:8      | Noticed a red ugly thing
  9687 | D:8      | Noticed a red ugly thing
  9713 | D:8      | Reached skill level 1 in Axes
  9811 | D:8      | Found a sacrificial altar of Ru.
  9917 | D:8      | Found a transporter.
 10068 | D:8      | Reached XP level 10. HP: 94/111 MP: 10/10
 10075 | D:8      | Reached skill level 11 in Fighting
 10966 | D:9      | Found a burning altar of Makhleb.
 10967 | D:9      | Found a runed translucent gate.
 10967 | D:9      | Found a runed translucent gate.
 10967 | D:9      | Found a runed translucent gate.
 10988 | D:9      | Noticed nomophobia's ghost (journeyman MiGl)
 10993 | D:9      | Got a smoking whip
 11004 | D:9      | Identified a scroll of acquirement
 11004 | D:9      | Acquired the +4 hat "Idizot" {+Blink Will+ Stlth+}
 11032 | D:9      | Identified the +2 whip "Taulueg" {flame, rElec rN+} (You
                  | found it on level 9 of the Dungeon)
 11178 | D:9      | Was forgiven by Trog
 11602 | D:9      | Found a viscous altar of Jiyva.
 11655 | D:10     | Entered Level 10 of the Dungeon
 11673 | D:10     | Noticed Nergalle
 11688 | D:10     | Killed Nergalle
 11947 | D:10     | Reached ***** piety under Trog
 11947 | D:10     | Noticed Maurice
 12414 | D:9      | Reached skill level 12 in Fighting
 12526 | D:10     | Noticed an oklob plant
 12630 | D:10     | Found Eteruh's Antique Armour Shoppe.
 12669 | D:10     | Noticed an oklob plant
 12913 | D:10     | Found a shimmering altar of Xom.
 13117 | D:10     | Reached XP level 11. HP: 65/124 MP: 11/11
 13372 | D:11     | Reached skill level 1 in Throwing
 14102 | D:10     | Killed Maurice
 14270 | D:10     | Found a staircase to the Lair.
 14276 | D:10     | Killed an oklob plant
 14285 | D:10     | Killed an oklob plant
 14325 | Lair:1   | Entered Level 1 of the Lair of Beasts
 14382 | Lair:1   | Reached skill level 10 in Polearms
 15115 | Lair:1   | Reached skill level 13 in Fighting
 16472 | Lair:2   | Found an ornate altar of the Wu Jian Council.
 16664 | Lair:2   | Noticed Urug
 16677 | Lair:2   | Killed Urug
 16996 | Lair:2   | Found a hide-covered altar of Uskayaw.
 17074 | Lair:2   | Found a staircase to the Snake Pit.
 17266 | Lair:2   | Found a transporter.
 17266 | Lair:2   | Noticed a moth of wrath
 17286 | Lair:2   | Found a transporter.
 17346 | Lair:2   | Noticed a moth of wrath
 17395 | Lair:2   | Noticed pgf's ghost (journeyman MiFi)
 17400 | Lair:2   | Found a staircase to the Swamp.
 18060 | Lair:2   | Reached XP level 12. HP: 101/137 MP: 12/12
 19531 | Lair:4   | Reached skill level 14 in Fighting
 19628 | Lair:4   | Noticed an eight-headed hydra
 19638 | Lair:4   | Killed a five-headed hydra
 19639 | Lair:4   | Reached skill level 5 in Bows
 22466 | Lair:5   | Reached skill level 15 in Fighting
 22535 | Lair:5   | Reached skill level 5 in Axes
 22660 | Lair:6   | Entered Level 6 of the Lair of Beasts
 22797 | Lair:5   | Reached XP level 13. HP: 138/150 MP: 13/13
 22846 | Lair:6   | Received a gift from Trog
 23189 | Lair:5   | Paralysed by a hornet for 2 turns
 23820 | Lair:6   | Reached skill level 16 in Fighting
 25957 | Lair:6   | Reached XP level 14. HP: 163/163 MP: 14/14
 26096 | Lair:6   | Reached skill level 17 in Fighting
 26632 | Lair:6   | Found a viscous altar of Jiyva.
 26632 | Lair:6   | Found a staircase to the Slime Pits.
 27600 | Lair:5   | HP: 6/166 [poisoned by a redback]
 27603 | Lair:5   | Succumbed to a redback's poison

Illustrated notes

Levels and vault maps discovered:
D:1:      evilmike_arrival_crescent, layout_loops_corners
D:2:      layout_basic, nemelex_xobeh_ov_fountains_minmay, elyvilon_altar_3
D:3:      layout_loops_ring, yredelemnul_altar_generic,
          grunt_temple_overflow_growth_and_decay, minitemple,
          chequers_ecumenical_altar_simple, portal_sewer_entry_c, trog_wizard
D:4:      layout_basic, temple_hall, serial_shops, shop
D:5:      layout_rooms, serial_shops, nicolae_shop_behind_doors,
          lightli_ossuary_entry_decrepit_ruins, gammafunk_ghost_hive
D:6:      layout_loops_ring, nzn_hepliaklqana_mist_gate
D:7:      layout_basic, serial_shops, shop
D:8:      gammafunk_steamed_eel, layout_basic, nicolae_ru_path_of_blood,
          special_room [special_room_orc],
          ploomutoo_gammafunk_ghost_potion_laboratory, minmay_manual_mail
D:9:      layout_long_grid, bloody_makhleb, gammafunk_ghost_ooze
D:10:     layout_irregular_city, dpeg_oklobed_lair, serial_shops, shop,
          kb_xom_exploding_sheep, uniq_grum, uniq_nergalle, uniq_maurice
D:11:     layout_roguey, kennysheep_orc_monster_closet_entryway
Lair:1:   layout_gridlike, cheibrodos_lair_lostbears, serial_bayou_shore_a,
          grunt_megastairs_5
Lair:2:   layout_regular_city, minmay_swamp_entry_worms, dummy_snake_entry,
          basic_altar, gammafunk_ghost_berserking_beasts, lemuel_centaur_altar,
          uniq_urug
Lair:3:   layout_chaotic_city
Lair:4:   layout_layer_cave
Lair:5:   layout_gridlike, serial_bayou_shore_b, lemuel_fruit_fields
Lair:6:   hangedman_lair_tendril_chambers, layout_long_grid,
          hangedman_lair_caniforms_friends, dpeg_slime_entry_enclosed_altar

Skill      XL: |  1  2  3  4  5  6  7  8  9 10 11 12 13 14 |
---------------+-------------------------------------------+-----
Dodging        | 3 4 5 6 7 |  7.7
Fighting       | 5 6 7 9 10 12 13 15 16 17 | 17.5
Polearms       | 4 5 6 7 8 9 10 11 12 | 12.3
Slings         | 1 |  1.9
Stealth        | 1 2 3 |  3.6
Long Blades    | 1 2 3 4 |  4.5
Bows           | 2 3 4 6 7 8 |  8.0
Axes           | 1 3 4 5 6 |  6.3
Throwing       | 1 2 |  2.5
Maces & Flails | |  0.2

Action                   |  1- 3 |  4- 6 |  7- 9 | 10-12 | 13-15 || total
-------------------------+-------+-------+-------+-------+-------++-------
Melee: Spear             |   107 |   110 |       |     8 |       ||   225
       Halberd           |       |    15 |   260 |   281 |   253 ||   809
       Great sword       |       |       |    32 |    24 |       ||    56
       War axe           |       |       |     8 |    12 |       ||    20
       Battleaxe         |       |       |     7 |    72 |    20 ||    99
       Short sword       |       |       |     5 |       |       ||     5
       Whip              |       |       |       |     8 |       ||     8
       Scimitar          |       |       |       |     3 |     3 ||     6
 Fire: Hunting sling     |       |    25 |       |       |       ||    25
       Shortbow          |       |       |    69 |   205 |   279 ||   553
Throw: Dart              |       |       |     4 |     1 |       ||     5
       Boomerang         |       |       |       |    12 |       ||    12
       Large rock        |       |       |       |    10 |     1 ||    11
       Stone             |       |       |       |     1 |     8 ||     9
Invok: Berserk           |     2 |     2 |     1 |     2 |       ||     7
       Trog's Hand       |       |       |       |     3 |       ||     3
Evoke: Wand              |       |       |     1 |     2 |     1 ||     4
  Use: Scroll            |     6 |     1 |    13 |    21 |     2 ||    43
       Potion            |     2 |     2 |     2 |    14 |     3 ||    23
 Stab: Sleeping          |       |     1 |     1 |     2 |       ||     4
       Distracted        |       |       |       |     1 |       ||     1
Armor: Animal skin       |    26 |    42 |   123 |   122 |       ||   313
       Steam dragon scal |       |       |       |    57 |   132 ||   189
Dodge: Dodged            |    38 |    52 |   190 |   315 |   178 ||   773
       Repelled          |       |       |       |     6 |     1 ||     7
       Rpst.: Great sword |       |       |     5 |     5 |       ||    10
       Scimitar          |       |       |       |       |     1 ||     1
